 Dungeon Crawl Stone Soup version 0.18-a0-1123-gbd92598 (console) character file.

8961 FIQ the Spear-Bearer (level 11, -1/97 HPs)
             Began as a Minotaur Berserker on Jan 19, 2016.
             Was a High Priest of Trog.
             Slain by a minotaur zombie (12 damage)
             ... in a labyrinth.
             The game lasted 00:22:52 (11759 turns).

FIQ the Spear-Bearer (Minotaur Berserker)          Turns: 11759, Time: 00:22:53

Health: -1/97      AC:  9    Str: 25    XL:     11   Next: 16%
Magic:  10/10      EV: 13    Int:  4    God:    Trog [*****.]
Gold:   220        SH: 13    Dex: 12    Spells: 0 memorised, 10 levels left

rFire  + . .     SeeInvis .     B - +0 trident
rCold  . . .     Gourm    .     A - +2 ring mail {rF+}
rNeg   . . .     Faith    .     o - +1 shield
rPois  .         Spirit   .     (helmet restricted)
rElec  .         Dismiss  .     (no cloak)
rCorr  .         Reflect  .     (no gloves)
SustAt .         Harm     .     (no boots)
MR     +....                    (no amulet)
Stlth  +.........               p - ring of protection from magic
                                n - +2 ring of strength

@: somewhat resistant to hostile enchantments, very unstealthy
A: retaliatory headbutt, horns 2
a: Berserk, Trog's Hand, Brothers in Arms, Burn Spellbooks, Renounce Religion


You were in a labyrinth.
You worshipped Trog.
Trog was extremely pleased with you.
You were hungry.

You visited 3 branches of the dungeon, and saw 11 of its levels.
You also visited: Labyrinth.

You collected 493 gold pieces.
You spent 273 gold pieces at shops.

Inventory:

Hand Weapons
 B - a +0 trident (weapon)
 L - the +3 great mace of Jaraptisho {freeze, rPois rF+, unknown}
   (You found it in a labyrinth)

   It has been specially enchanted to freeze those struck by it, causing extra
   injury to most foes and up to half again as much damage against particularly
   susceptible opponents.
   It can also slow down cold-blooded creatures.
   It protects you from fire.
   It protects you from poison.
 M - a +2 long sword of draining
 N - the +2 glaive of Nuefuusch {freeze, rN++ Stlth+, unknown}
   (You found it in a labyrinth)

   It has been specially enchanted to freeze those struck by it, causing extra
   injury to most foes and up to half again as much damage against particularly
   susceptible opponents.
   It can also slow down cold-blooded creatures.
   It greatly protects you from negative energy.
   It makes you more stealthy.
Missiles
 m - 3 javelins of returning (quivered)
Armour
 o - a +1 shield (worn)
 A - a +2 ring mail of fire resistance (worn)
 O - the +2 ring mail "Piqaoz" {Int+4, unknown}
   (You found it in a labyrinth)

   It affects your intelligence (+4).
 P - a +0 ring mail
Rods
 G - a +3 rod of ignition (14/14)
   (You found it in a labyrinth)
 H - a cursed +3 iron rod (10/10)
   (You found it in a labyrinth)
 I - a +3 rod of inaccuracy (14/14)
   (You found it in a labyrinth)
Jewellery
 n - a +2 ring of strength (left hand)
 p - a ring of protection from magic (right hand)
 r - an uncursed amulet of harm {unknown}
Wands
 q - a wand of lightning (7/15)
 s - a wand of digging (12/24)
 t - a wand of draining (3/15)
 w - a wand of paralysis (12/24)
 z - a wand of polymorph (12/24)
 C - a wand of lightning (9/15)
 J - a wand of draining (8/15)
 K - a wand of lightning (14/15)
Scrolls
 a - a scroll of amnesia {unknown}
 b - 2 scrolls of identify
 e - 5 scrolls of enchant armour
 f - 4 scrolls of teleportation
 i - a scroll of remove curse
 k - a scroll of immolation {unknown}
 v - 3 scrolls of fog {unknown}
 x - 3 scrolls of enchant weapon {unknown}
 y - a scroll of vulnerability {unknown}
Potions
 d - a potion of curing
 l - a potion of brilliance
 u - a potion of poison
 D - a potion of might
 E - a potion of haste
 F - a potion of flight
Comestibles
 c - 6 bread rations
 g - a beef jerky
 h - 6 meat rations


   Skills:
 + Level 9.2 Fighting
 * Level 12.5 Polearms
 + Level 8.8 Armour
 + Level 8.2 Dodging
 + Level 8.4 Shields


You had 10 spell levels left.
You didn't know any spells.

Dungeon Overview and Level Annotations

Branches:
Dungeon (8/15)             Temple (1/1) D:5            Lair (2/8) D:8

Altars:
Ashenzari
Cheibriados
Dithmenos
Elyvilon
Fedhas
Gozag
Kikubaaqudgha
Makhleb
Nemelex Xobeh
Okawaru
Pakellas
Qazlal
Ru
Sif Muna
Trog
Vehumet
Xom
Yredelemnul
Zin
The Shining One

Shops:
D:7 !

Annotations:
Lair:2 exclusion: oklob plant


Innate Abilities, Weirdness & Mutations

You reflexively headbutt those who attack you in melee.
You have a pair of horns on your head.


Message History

You hit the minotaur zombie but do no damage.
The minotaur zombie hits you! You block the minotaur zombie's attack.
You hit the minotaur zombie but do no damage.
Your headbutt misses the minotaur zombie.
You're too hungry to go berserk.
You puncture the minotaur zombie! The minotaur zombie hits you!
* * * LOW HITPOINT WARNING * * *
The minotaur zombie gores you.
* * * LOW HITPOINT WARNING * * *
Drink which item? (? for menu, Esc to quit)
Okay, then.
Eat a chunk of flesh? (ye/n/q/i?) This raw flesh tastes terrible.
You are feeling hungry.
The minotaur zombie hits you!
* * * LOW HITPOINT WARNING * * *
The minotaur zombie misses you.
You continue eating.
The minotaur zombie hits you!
You die...

.## . ### #..
##+### # .#
#.⌠..# . #
###...<###..#
#.'⌠...'.'..#
###..@.###.##
###Z## #...
#.# #..#.
###### ....#.
.. . .. # #
#... . .# .
###.### # #
). . . # # .
. . #.... ≈#
# ## #


You could see a minotaur zombie.

Vanquished Creatures
  A minotaur (Lab)
  A hydra (Lair:1)
  The ghost of runewalsh the Chiller, a novice OpIE (D:5)
  2 spiny frogs (Lair:1)
  4 gargoyles (Lab)
  A komodo dragon (D:8)
  A wraith (D:8)
  5 yaks (Lair:2)
  3 hippogriffs
  Edmund (D:6)
  2 water moccasins (Lair:1)
  Duvessa (D:6)
  A porcupine (Lair:1)
  An orc warrior (D:8)
  2 necrophages
  A phantom (D:5)
  3 sky beasts
  A centaur (D:7)
  3 ogres
  A crocodile (Lair:1)
  An elf zombie (D:8)
  2 giant frogs
  A wyvern skeleton (D:6)
  A water moccasin zombie (D:6)
  Dowan (D:6)
  3 scorpions
  A troll zombie (D:8)
  2 wights (D:8)
  3 jellies
  A centaur zombie (D:8)
  4 crimson imps
  A giant frog zombie (D:8)
  2 human zombies (D:8)
  A giant frog skeleton (D:5)
  6 hounds
  6 orc priests
  8 orc wizards
  A centaur skeleton (D:4)
  A human skeleton (D:8)
  6 iguanas
  A worker ant (D:5)
  5 sheep (Lair:1)
  An ogre zombie (D:8)
  2 mummies (D:8)
  A worker ant zombie (D:8)
  12 adders
  25 river rats
  A shadow imp (D:5)
  An adder zombie (D:8)
  2 adder skeletons (D:4)
  3 worms
  5 giant geckos
  34 orcs
  A ball python (D:3)
  A bat skeleton (D:5)
  3 bat zombies (D:5)
  9 giant cockroaches
  5 goblins
  8 hobgoblins
  3 kobolds (D:3)
  5 quokkas
  4 bats
  5 giant newts
  9 rats
234 creatures vanquished.

Vanquished Creatures (others)
  An iguana (D:5)
  A worker ant (D:5)
  A plant (D:8)
3 creatures vanquished.

Grand Total: 237 creatures vanquished

Notes
Turn   | Place    | Note
--------------------------------------------------------------
     0 | D:1      | FIQ the Minotaur Berserker began the quest for the Orb.
     0 | D:1      | Reached XP level 1. HP: 19/19 MP: 0/0
   214 | D:1      | Reached XP level 2. HP: 22/27 MP: 1/1
   922 | D:2      | Reached skill level 4 in Polearms
   987 | D:2      | Reached XP level 3. HP: 13/33 MP: 2/2
  1308 | D:2      | Reached ** piety under Trog
  1821 | D:3      | Reached XP level 4. HP: 16/40 MP: 3/3
  2229 | D:3      | Reached skill level 5 in Polearms
  2238 | D:3      | Reached XP level 5. HP: 42/47 MP: 4/4
  2243 | D:3      | Reached skill level 1 in Shields
  2298 | D:3      | Gained mutation: Armour fits poorly on your strangely shaped body. [potion of mutation]
  2298 | D:3      | Gained mutation: Your body sometimes deteriorates upon taking damage. [potion of mutation]
  2299 | D:3      | Gained mutation: You are dopey. (Int -2) [potion of mutation]
  2299 | D:3      | Gained mutation: Your spells are a little easier to cast, but a little less powerful. [potion of mutation]
  2299 | D:3      | Lost mutation: You are dopey. (Int -2) [potion of mutation]
  2372 | D:3      | Reached *** piety under Trog
  2841 | D:4      | Found a shadowy altar of Dithmenos.
  3244 | D:4      | Reached skill level 6 in Polearms
  3244 | D:4      | Reached XP level 6. HP: 39/53 MP: 5/5
  3603 | D:4      | Reached skill level 5 in Fighting
  3914 | D:4      | Reached XP level 7. HP: 31/61 MP: 6/6
  3924 | D:4      | HP: 3/61 [orc/whip (1)]
  3925 | D:4      | HP: 1/61 [orc/short sword (2)]
  4382 | D:4      | Received a gift from Trog
  4566 | D:4      | Reached skill level 7 in Polearms
  5251 | D:5      | Entered Level 5 of the Dungeon
  5256 | D:5      | Noticed runewalsh's ghost (novice OpIE)
  5272 | D:5      | Killed runewalsh's ghost
  5272 | D:5      | Reached skill level 5 in Armour
  5272 | D:5      | Reached XP level 8. HP: 32/70 MP: 7/7
  5318 | D:5      | Reached skill level 8 in Polearms
  5318 | D:5      | Reached skill level 5 in Dodging
  5772 | D:5      | Gained mutation: Your flesh is heat resistant. [mutagenic meat]
  5773 | D:5      | Gained mutation: Your spells are easier to cast, but less powerful. [mutagenic meat]
  5774 | D:5      | Lost mutation: Your body sometimes deteriorates upon taking damage. [mutagenic meat]
  5960 | D:5      | Found a sparkling altar of Nemelex Xobeh.
  5960 | D:5      | Found a bloodstained altar of Trog.
  5961 | D:5      | Found a stormy altar of Qazlal.
  6246 | D:5      | Found an ancient bone altar of Kikubaaqudgha.
  6333 | D:5      | Found a staircase to the Ecumenical Temple.
  6357 | D:5      | Found a sacrificial altar of Ru.
  6487 | Temple   | Entered the Ecumenical Temple
  6925 | D:6      | Reached skill level 5 in Shields
  7174 | D:6      | Found an iron altar of Okawaru.
  7175 | D:6      | Noticed Dowan
  7182 | D:6      | Reached skill level 9 in Polearms
  7190 | D:6      | Killed Dowan
  7193 | D:6      | Noticed Duvessa
  7207 | D:6      | Killed Duvessa
  7221 | D:6      | Reached **** piety under Trog
  7221 | D:6      | Reached XP level 9. HP: 30/76 MP: 8/8
  7276 | D:6      | Noticed Edmund
  7290 | D:6      | Killed Edmund
  7913 | D:7      | Found a white marble altar of Elyvilon.
  8049 | D:7      | Found Laeghij's Distillery.
  8068 | D:7      | Bought a potion of mutation for 35 gold pieces
  8068 | D:7      | Bought a potion of might for 56 gold pieces
  8068 | D:7      | Bought a potion of haste for 140 gold pieces
  8068 | D:7      | Bought a potion of flight for 42 gold pieces
  8069 | D:7      | Gained mutation: Your mind is acute. (Int +2) [potion of mutation]
  8069 | D:7      | Lost mutation: Your mind is acute. (Int +2) [potion of mutation]
  8069 | D:7      | Gained mutation: You are partially covered in molten scales (AC +1). [potion of mutation]
  8249 | D:7      | Lost mutation: Your spells are easier to cast, but less powerful. [potion of cure mutation]
  8249 | D:7      | Lost mutation: Armour fits poorly on your strangely shaped body. [potion of cure mutation]
  8249 | D:7      | Lost mutation: Your spells are a little easier to cast, but a little less powerful. [potion of cure mutation]
  8249 | D:7      | Lost mutation: Your flesh is heat resistant. [potion of cure mutation]
  8249 | D:7      | Lost mutation: You are partially covered in molten scales (AC +1). [potion of cure mutation]
  8632 | D:8      | Reached skill level 10 in Polearms
  8647 | D:8      | Found a staircase to the Lair.
  8647 | D:8      | Noticed a komodo dragon
  8680 | D:8      | Killed a komodo dragon
  9422 | D:8      | Found a basalt altar of Yredelemnul.
  9485 | D:8      | Reached XP level 10. HP: 60/88 MP: 9/9
  9641 | Lair:1   | Entered Level 1 of the Lair of Beasts
  9698 | Lair:1   | Noticed a spiny frog
  9725 | Lair:1   | Reached ***** piety under Trog
  9730 | Lair:1   | Killed a spiny frog
  9730 | Lair:1   | Reached skill level 11 in Polearms
 10018 | Lair:1   | Noticed a five-headed hydra
 10023 | Lair:1   | Killed a five-headed hydra
 10232 | Lair:1   | Noticed a spiny frog
 10240 | Lair:1   | Killed a spiny frog
 10708 | Lair:2   | Reached skill level 12 in Polearms
 10737 | Lair:2   | Found a bloodstained altar of Trog.
 10737 | Lair:2   | Noticed an oklob plant
 10831 | Lair:2   | Found a labyrinth entrance.
 10840 | Lab      | Entered a labyrinth
 11053 | Lab      | Noticed a gargoyle
 11055 | Lab      | Noticed a gargoyle
 11076 | Lab      | Killed a gargoyle
 11084 | Lab      | Killed a gargoyle
 11385 | Lab      | Noticed a gargoyle
 11402 | Lab      | Killed a gargoyle
 11402 | Lab      | Reached XP level 11. HP: 52/97 MP: 10/10
 11700 | Lab      | Noticed a minotaur
 11710 | Lab      | Killed a minotaur
 11719 | Lab      | Got a crystal great mace
 11719 | Lab      | Got a shimmering glaive
 11719 | Lab      | Got a crude ring mail
 11759 | Lab      | Slain by a minotaur zombie

Vault maps used:
D:1:      dpeg_arrival_shelter
D:3:      first_bread
D:4:      kennysheep_mini
D:5:      kennysheep_vampire_church, gammafunk_temple_overflow_forgotten,
          lemuel_temple_firewalk_marked, st_stairs_8, hangedman_ru_absence
D:6:      okawaru_ov_weapons_minmay, uniq_edmund, uniq_duvessa
D:7:      elyvilon_altar_4, serial_shops, shop
D:8:      lemuel_mausoleum_altar_yredelemnul, david_lair_shrubbed
Temple:   water_room_temple_b_12
Lair:1:   serial_bayou_shore_b
Lair:2:   lab_entry_generic, nicolae_lair_grove_arrangements,
          lemuel_oklob_altar, infiniplex_staircase_pool
Lab:      labyrinth_hidden_loot, lab_hedge, nicolae_lab_stuck,
          labyrinth_glass_1, nicolae_lab_diamond, nicolae_lab_flowing_pool,
          nicolae_lab_grate, nicolae_lab_starburst, nicolae_lab_dead_end

Action                   |  1- 3 |  4- 6 |  7- 9 | 10-12 || total
-------------------------+-------+-------+-------+-------++-------
Melee: Spear             |   111 |   161 |   410 |       ||   682
       Trident           |       |       |    80 |   243 ||   323
       Unarmed           |       |       |     6 |       ||     6
Invok: Berserk           |       |     4 |     5 |     7 ||    16
       Burn Spellbooks   |       |       |     1 |     1 ||     2
       Trog's Hand       |       |       |       |     1 ||     1
  Use: Potion            |       |     6 |     9 |       ||    15
       Scroll            |       |     3 |     4 |       ||     7
  Eat: Chunk             |     3 |    10 |    24 |    10 ||    47
       Fruit             |       |       |     3 |       ||     3
       Pizza             |       |       |       |     2 ||     2
       Royal jelly       |       |       |       |     1 ||     1
